 Dungeon Crawl Stone Soup version 0.32-a0-42-ga30500b4d3 (webtiles) character file.

Game seed: 15310426628016907617

1511220 PaperRat the Cursed (level 26, 174/174 HPs)
             Began as a Green Draconian Warper on Jan 31, 2024.
             Was an Initiate of Ashenzari.
             Escaped with the Orb
             ... and 3 runes on Feb 2, 2024!
             The game lasted 06:52:18 (84787 turns).

PaperRat the Cursed (Green Draconian Warper)       Turns: 84787, Time: 06:52:19

Health: 174/174    AC: 12    Str: 16    XL:     26   Next: 12%
Magic:  42/42      EV: 18    Int: 25    God:    Ashenzari [......]
Gold:   1996       SH:  0    Dex: 11    Spells: 0/56 levels left

rFire   + . .        w - staff of air
rCold   + . .        (no shield)
rNeg    . . .        (body armour unavailable)
rPois   +            (helmet restricted)
rElec   +            j - scarf "Enigmatic Vexation" {rC+ rF+, Fort, Elem} (curse)
rCorr   .            (no gloves)
SInv    .            (no boots)
Will    +....        (no amulet)
Stlth   ++           (no ring)
HPRegen 0.49/turn    (no ring)
MPRegen 0.28/turn

%: no passive effects
@: maw-form, studying 2 skills
A: devouring maw, reduced hp, breathe noxious fumes, AC +12, unfitting armour,
stinger 1, poison resistance, cold-blooded, antennae 1, clever 1, MP-powered
wands
0: Orb of Zot
}: 3/15 runes: decaying, slimy, gossamer
a: Breathe Noxious Fumes, Begin Untransformation, Renounce Religion, Shatter the
Chains


You escaped.
You worshipped Ashenzari.
Ashenzari was noncommittal.
You were a creature with a mouth for a stomach.
You visited 11 branches of the dungeon, and saw 52 of its levels.
You visited 1 bazaar.
You also visited: Ice Cave and Wizlab.

You collected 8153 gold pieces.
You spent 6157 gold pieces at shops.

Inventory:

Hand Weapons
 a - the +11 trident of the End {spect, rPois Will+}
   (You took it off a spriggan rider on level 1 of the Swamp)

   rPois:     It protects you from poison Will+: It increases your willpower.
 m - the +7 hand axe "Goblinbane" {flame, rF++ rCorr Str+3}
   (You found it on level 2 of the Vaults)

   Str+3:     It affects your strength (+3).
   rF++:      It greatly protects you from fire.
   rCorr:     It protects you from acid and corrosion.
 q - the +6 Majin-Bo {spellvamp, MP+6 Int+6}
   (You took it off a Hellbinder in a wizard's laboratory)

   Int+6:     It affects your intelligence (+6).
   MP+6:      It affects your magic capacity (+6).
Missiles
 f - 37 poisoned darts
 A - 3 darts of dispersal
 D - 18 boomerangs
 F - 19 curare-tipped darts (quivered)
 G - 19 javelins
 L - 5 datura-tipped darts
 S - 5 throwing nets {!f}
 Z - 5 silver javelins
Armour
 j - the cursed scarf "Enigmatic Vexation" (worn) {rC+ rF+, Fort, Elem}
   (You found it in an ice cave)

   It has a curse which improves the following skills: Fortitude: Shields.
   Elements:  Fire Magic, Ice Magic, Air Magic and Earth Magic.
 R - the +0 mask of the Dragon {Will+ Slay+3 SInv}
   (You found it on level 2 of the Realm of Zot)

   Slay+3:    It affects your accuracy & damage with ranged weapons and melee
   (+3).
   Will+:     It increases your willpower.
   SInv:      It lets you see invisible.
Magical Staves
 w - a staff of air (weapon)
Jewellery
 V - a ring of protection from fire
Talismans
 s - a maw talisman (active)
Wands
 b - a wand of iceblast (30)
 c - a wand of acid (24)
 d - a wand of digging (30)
 n - a wand of paralysis (52)
 z - a wand of mindburst (42)
Scrolls
 e - 5 scrolls of immolation
 i - 7 scrolls of blinking {@r5}
 y - 3 scrolls of amnesia
 B - 2 scrolls of poison
 H - 2 scrolls of butterflies {@r6}
 J - a scroll of acquirement
 N - 6 scrolls of fog {@r2}
 O - 7 scrolls of fear {@r4}
 W - 22 scrolls of teleportation {@r3}
 X - 5 scrolls of vulnerability
Potions
 h - 7 potions of magic
 k - 9 potions of brilliance {@q5}
 l - 11 potions of enlightenment {@q6}
 o - 14 potions of curing {@q1}
 p - 13 potions of heal wounds {@q2}
 r - 6 potions of haste {@q4}
 t - 3 potions of mutation {@q7}
 u - 6 potions of might {@q3}
 x - 3 potions of invisibility
 I - 7 potions of lignification
 K - 4 potions of cancellation
 M - 9 potions of ambrosia
 P - 6 potions of resistance


   Skills:
 - Level 15.9 Fighting
 - Level 14.0(14.4) Polearms
 - Level 5.8(10.7) Staves
 - Level 13.9 Throwing
 - Level 15.9 Dodging
 + Level 10.2 Stealth
 - Level 6.7(7.2) Shields
 - Level 15.9 Spellcasting
 - Level 6.0 Conjurations
 - Level 3.4 Summonings
 - Level 4.3 Translocations
 - Level 6.1(6.5) Fire Magic
 - Level 14.1(14.5) Ice Magic
 - Level 15.0(15.3) Air Magic
 - Level 6.4(6.8) Earth Magic
 - Level 8.0 Alchemy
 - Level 18.0 Invocations
 - Level 15.9 Evocations
 - Level 7.7 Shapeshifting


You couldn't memorise any spells.
You knew the following spells:

 Your Spells              Type           Power      Damage    Failure   Level
a - Plasma Beam           Fire/Air       42%        2x1d56    4%          6
b - Olgreb's Toxic Radia  Alch           56%        N/A       1%          4
c - Summon Blazeheart Go  Fire/Summ      44%        N/A       3%          4
d - Freezing Cloud        Conj/Ice/Air   44%        6-21      1%          5
e - Vhi's Electric Charg  Tloc/Air       100%       N/A       1%          4
f - Lee's Rapid Deconstr  Erth           26%        3d14*     4%          5
g - Passwall              Erth           52%        N/A       1%          3
i - Ignite Poison         Fire/Alch      54%        N/A       1%          4
s - Airstrike             Air            49%        2d(7-23)  1%          4
t - Blink                 Tloc           82%        N/A       1%          2
v - Ozocubu's Refrigerat  Ice            37%        4d15      6%          7
w - Summon Lightning Spi  Summ/Air       79%        N/A       1%          4
x - Maxwell's Capacitive  Air            49%        ∞         32%         8
z - Apportation           Tloc           82%        N/A       1%          1

Your spell library contained the following spells:

 Spells                   Type           Power      Damage    Failure   Level
 Foxfire                  Conj/Fire      100%       2x1d9     1%          1
 Kiss of Death            Conj/Necr      100%       2d13      1%          1
 Magic Dart               Conj           100%       1d8       1%          1
 Sandblast                Erth           100%       2d20      1%          1
 Sting                    Conj/Alch      100%       1d9       1%          1
 Call Imp                 Summ           74%        N/A       1%          2
 Cigotuvi's Dreadful Rot  Necr/Alch/Air  100%       N/A       1%          2
 Ensorcelled Hibernation  Hex/Ice        100%       N/A       1%          2
 Lesser Beckoning         Tloc           82%        N/A       1%          2
 Mercury Vapours          Alch/Air       100%       N/A       1%          2
 Call Canine Familiar     Summ           37%        N/A       1%          3
 Mephitic Cloud           Conj/Alch/Air  80%        N/A       1%          3
 Stone Arrow              Conj/Erth      100%       3d13      1%          3
 Summon Ice Beast         Ice/Summ       60%        N/A       1%          3
 Teleport Other           Tloc           41%        N/A       1%          3
 Volatile Blastmotes      Fire/Tloc      94%        2d17      1%          3
 Brom's Barrelling Bould  Conj/Erth      51%        2d7       1%          4
 Fulminant Prism          Conj/Alch      26%        3d14      1%          4
 Leda's Liquefaction      Alch/Erth      27%        N/A       1%          4
 Petrify                  Alch/Erth      54%        N/A       1%          4
 Arcjolt                  Conj/Air       41%        1d51      1%          5
 Necrotise                Necr           76%        1d7       2%          1
 Dazzling Flash           Conj/Hex       68%        N/A       2%          3
 Alistair's Intoxication  Alch           37%        N/A       2%          5
 Silence                  Hex/Air        36%        N/A       3%          5
 Jinxbite                 Hex            38%        N/A       4%          2
 Sublimation of Blood     Necr           19%        N/A       4%          2
 Manifold Assault         Tloc           41%        N/A       4%          4
 Conjure Ball Lightning   Conj/Air       41%        3x3d13    4%          6
 Sculpt Simulacrum        Ice/Alch       33%        N/A       4%          6
 Iskenderun's Battlesphe  Conj           49%        2d10      6%          5
 Confusing Touch          Hex            19%        N/A       9%          3
 Fugue of the Fallen      Necr           19%        N/A       9%          3
 Sigil of Binding         Hex            19%        N/A       9%          3
 Vampiric Draining        Necr           19%        2d7       9%          3
 Dimensional Bullseye     Hex/Tloc       15%        N/A       11%         4
 Martyr's Knell           Necr/Summ      28%        N/A       13%         4
 Eringya's Noxious Bog    Alch           28%        4d6       16%         6
 Borgnjor's Vile Clutch   Necr/Erth      18%        N/A       19%         5
 Anguish                  Hex/Necr       9%         N/A       26%         4
 Animate Dead             Necr           19%        N/A       26%         4
 Cause Fear               Hex            9%         N/A       26%         4
 Dispel Undead            Necr           19%        3d11      26%         4
 Bombard                  Conj/Erth      25%        9d5       30%         6
 Starburst                Conj/Fire      25%        6d8       30%         6
 Summon Mana Viper        Hex/Summ       28%        N/A       36%         5
 Curse of Agony           Necr           19%        N/A       58%         5
 Summon Cactus Giant      Summ           18%        N/A       69%         6
 Spellforged Servitor     Conj/Summ      21%        N/A       97%         7
 Death Channel            Necr           9%         N/A       99%         6
 Malign Gateway           Summ/Tloc      19%        N/A       99%         7
 Monstrous Menagerie      Summ           18%        N/A       99%         7
 Summon Hydra             Summ           18%        N/A       99%         7
 Enfeeble                 Hex            9%         N/A       100%        7
 Haunt                    Necr/Summ      14%        N/A       100%        7
 Discord                  Hex            9%         N/A       100%        8
 Disjunction              Tloc           20%        N/A       100%        8
 Infestation              Necr           9%         N/A       100%        8
 Lehudib's Crystal Spear  Conj/Erth      25%        10d7      100%        8
 Summon Horrible Things   Summ           18%        N/A       100%        8
 Polar Vortex             Ice            37%        12d5*     100%        9
 Animate Armour           Summ/Erth      Unusable   N/A       N/A         4

Dungeon Overview and Level Annotations

Branches:
Dungeon (15/15)            Temple (1/1) D:6            Lair (5/5) D:9
  Swamp (4/4) Lair:2       Spider (4/4) Lair:2        Slime (5/5) Lair:4
    Orc (2/2) D:10            Elf (3/3) Orc:2        Vaults (4/5) D:14
  Crypt (0/3) Vaults:3     Depths (4/4) D:15            Zot (5/5) Depths:4
  IceCv (visited)          WizLab (visited)

Altars:
Ashenzari
Cheibriados
Dithmenos
Elyvilon
Fedhas
Gozag
Hepliaklqana
Kikubaaqudgha
Makhleb
Nemelex Xobeh
Okawaru
Qazlal
Ru
Sif Muna
Trog
Uskayaw
Vehumet
Wu Jian
Xom
Yredelemnul
Zin
The Shining One
Jiyva

Shops:
D:12 *   Orc:2 *([[   Vaults:1 !   Vaults:2 !   Vaults:3 !   Vaults:4 (::
Depths:1 [

Portals:
Hell: Lair:5 Depths:1 Depths:2 Depths:3 Depths:4
Abyss: D:15 Depths:2 Depths:3
Pandemonium: Depths:2 Depths:3
Ziggurat: Depths:1
Trove: Vaults:2 (show abyssal rune of Zot)

Annotations:
Elf:2 3 runed translucent doors
Vaults:1 2 transporters, Kamets Paeg's ghost, master HuCj


Innate Abilities, Weirdness & Mutations

You are a creature with a mouth for a stomach.
Your midsection houses a second, enormous mouth.
Your maximum health is decreased, since you lack skill for your form.
You can breathe blasts of noxious fumes.
Your lurid green scales are hard. (AC +12)
You cannot fit into any form of body armour.
Your tail ends in a venomous barb.
Your system is resistant to poisons. (rPois)
You are cold-blooded and may be slowed by cold attacks.
You have a pair of small antennae on your head.
Your mind is acute. (Int +4, Str/Dex -1)
You expend magic power (3 MP) to strengthen your wands.


Message History

You fly upwards.
There is a stone staircase leading down here.
Things that are here:
a +0 sling; a +1 whip of chaos; a +2 antimagic dagger You see here a +0 hand axe.
There is a stone staircase leading up here.
You fly upwards.
There is a stone staircase leading down here.
There is a stone staircase leading up here.
You fly upwards.
There is a stone staircase leading down here.
There is a stone staircase leading up here.
You fly upwards.
There is a stone staircase leading down here.
You see here a +0 club.
You see here a +0 club.
There is a stone staircase leading up here.
You fly upwards.
There is a stone staircase leading down here.
There is a large open door here.
There is a large open door here.
There is a large open door here.
There is a staircase leading out of the dungeon here.
You reach down and close the large door.
You shatter the curse binding the cursed ring of Apeoromancy {rCorr, Melee, Elem}!
Ashenzari withdraws the vision and curse.
You shatter the curse binding the cursed ring of Ashenzari's Comet {Fly rN+ EV+5 Dex+3, Fort, Elem}!
You float gracefully downwards.
You shatter the curse binding the cursed amulet of Ashenzari's Planets {RegenMP, Cun, Comp}!
Ashenzari no longer protects you from the dungeon's malevolent forces.
Ashenzari no longer reveals the structure of the nearby dungeon.
You shatter the curse binding the cursed +1 buckler of the Lashed Mistrust {Will+ Regen+ Dex-4, Cun, Self}!
You shatter the curse binding the cursed +3 pair of gauntlets of War {Slay+5, Sorc, Self}!
Ashenzari will no longer keep your mind clear.
You shatter the curse binding the cursed +1 hat "Lashed Awkwardness" {Will+, Elem, Self}!
You feel less strong-willed.
Ashenzari will no longer reveal the unseen.
You shatter the curse binding the cursed +2 pair of boots of the Enlightened God {Dev, Range}!
Ashenzari will no longer identify your possesions.
You have escaped!

.# #........# ##.# .# #........##
#..# .# ###.......# #.## .#
###.####### #.# ##
#......######.#
####.#.#.##....###
........###.§§.###
####.#..'.'.§≈§+.# #
#.##.'.'.§≈§+W# ####### #
#.##.###.§§.######## #.....# #
#.....##...[###....# #.###.# #
####.########......### #.#.... #
##.## #.##......# #.#.#.# # #...#
##....##.#.###.....# #
#...#####.....##..........## #
#................#.####...##
######...#####.....##.#.#.....###


There were no monsters in sight!

Vanquished Creatures
  the Royal Jelly (Slime:5)
  3 dread liches (Zot:5)
  Frederick (Vaults:2)
  13 orbs of fire
  The ghost of Fisukaem the Sorcerer, a master HuWn of Vehumet (Zot:3)
  A juggernaut (Depths:4)
  Sojobo (Vaults:2)
  Bai Suzhen (Spider:3)
  5 Killer Klowns (Zot:5)
  Margery (Depths:3)
  Saint Roka (Vaults:1)
  3 curse toes
  2 caustic shrikes
  9 golden dragons
  A Hellbinder (WizLab)
  3 electric golems
  Arachne (Spider:4)
  A hellephant (WizLab)
  A Hell Sentinel (Zot:5)
  2 liches
  24 Orb Guardians (Zot:5)
  Rupert (Vaults:2)
  19 tentacled monstrosities
  2 titans (Depths:2)
  A searing wretch (Depths:3)
  A walking earthen tome (Depths:2)
  10 quicksilver dragons
  A walking divine tome (Depths:3)
  2 deep elf master archers (Elf:3)
  A deep elf blademaster (Elf:3)
  An Executioner (D:12)
  The ghost of Isoiwki the Earth Mage, an adept GrEE of Vehumet (Spider:2)
  6 death cobs
  20 acid blobs
  3 sphinxes
  Kirke (Lair:5)
  Agnes (Spider:1)
  9 shadow dragons
  Frances (Spider:1)
  An ancient champion (Vaults:3)
  Gastronok (D:9)
  23 storm dragons
  5 tengu reavers
  4 draconian monks
  Roxanne (Spider:3)
  2 draconian knights
  5 protean progenitors
  The ghost of Vidaw the Fighter, a journeyman DsSh of Qazlal (Spider:2)
  5 fire giants
  7 vault wardens
  The ghost of Qoixtez the Metamorph, an adept OpSh of Wu Jian (D:15)
  7 rockslimes (Slime:5)
  An iron dragon (Depths:2)
  18 azure jellies
  5 frost giants
  5 balrugs
  2 draconian scorchers
  4 draconian shifters
  8 ghost moths
  5 deep elf sorcerers
  2 emperor scorpions
  21 very ugly things
  2 reapers
  3 deep elf elementalists
  4 orc warlords
  9 quicksilver oozes
  A spriggan defender (Depths:2)
  6 broodmothers
  A draconian annihilator (Zot:3)
  3 draconian stormcallers
  12 stone giants
  5 green draconians
  11 formless jellyfish
  13 ironbound preservers
  7 deep elf death magi
  2 ironbound thunderhulks (Vaults:4)
  3 eleionomae
  5 vampire knights
  2 deep elf demonologists
  A lorocyproca (WizLab)
  5 bunyips
  11 red draconians
  5 dire elephants
  A war gargoyle (Vaults:4)
  10 yellow draconians
  8 black draconians
  2 white draconians
  5 deep elf annihilators
  8 purple draconians
  2 blizzard demons (WizLab)
  A crystal guardian (Vaults:4)
  6 spark wasps
  A shambling mangrove (Swamp:4)
  16 fire dragons
  6 jiangshi
  Snorg (D:11)
  12 ettins
  A merfolk javelineer (Depths:3)
  4 green deaths
  9 entropy weavers
  10 yaktaur captains
  9 deep elf high priests
  14 vault guards
  A ghost crab (Swamp:2)
  24 hydras
  2 rakshasas
  2 peacekeepers
  6 ice dragons
  4 ogre magi (Orc:2)
  4 spriggan air magi (Depths:3)
  18 great orbs of eyes
  Harold (Orc:1)
  11 centaur warriors
  8 radroaches
  8 alligators
  2 jorogumos (Zot:1)
  11 dancing weapons
  A catoblepas (D:11)
  7 ironbound frosthearts
  A death yak (Lair:5)
  10 deep troll shamans
  7 demonic crawlers
  4 tengu warriors
  22 two-headed ogres
  12 boulder beetles
  2 deep troll earth magi
  4 occultists
  4 vampire magi
  15 hell knights
  5 spriggan berserkers
  Sonja (Lair:2)
  3 skysharks
  3 soul eaters
  8 sun demons
  8 deep elf knights
  A wretched star (D:15)
  2 sixfirhies
  8 skeletal warriors
  Amaemon (D:11)
  5 pharaoh ants
  5 goliath frogs
  5 iron trolls
  A salamander mystic (Depths:3)
  Lodul (D:11)
  An orb spider (shapeshifter) (Depths:4)
  14 swamp dragons
  5 flayed ghosts
  3 shadow demons
  44 deep trolls
  3 spriggan druids
  2 sun moths
  7 arcanists
  2 bog bodies
  10 glowing orange brains
  11 ironbound convokers
  7 orb spiders
  15 orc knights
  8 steelbarb worms
  24 lindwurms
  10 necromancers
  11 deep elf archers
  Pikel (D:8)
  2 starcursed masses (D:15)
  20 deep elf pyromancers
  12 harpies (Vaults:3)
  6 will-o-the-wisps
  An oklob plant (Lair:3)
  3 orc sorcerers
  3 large abominations (Depths:2)
  24 deep elf zephyrmancers
  5 shining eyes
  19 wolf spiders
  3 manticores
  A worldbinder (D:15)
  3 salamanders (Depths:3)
  31 ugly things
  A shining eye (shapeshifter) (Depths:2)
  3 cyclopes
  Joseph (D:7)
  A frost giant skeleton (Vaults:3)
  8 vault sentinels
  4 kobold blastminers (Orc:2)
  32 moths of wrath
  7 meliai
  2 human skeletons (Vaults:3)
  11 elephants
  An ice statue (IceCv)
  An eye of devastation (Slime:5)
  5 gargoyles
  2 rust devils (WizLab)
  4 smoke demons
  7 torpor snails
  12 cane toads
  5 black mambas
  5 unseen horrors
  2 kobold demonologists
  4 rime drakes
  7 orange demons
  A rime drake (shapeshifter) (D:15)
  An anaconda simulacrum (IceCv)
  Psyche (D:11)
  2 tengu conjurers
  6 freezing wraiths
  31 yaktaurs
  6 komodo dragons
  9 trolls
  11 ice devils (IceCv)
  6 polar bears
  6 red devils
  6 hellwings
  A polar bear (shapeshifter) (D:14)
  5 tyrant leeches
  A black mamba (shapeshifter) (Depths:2)
  29 tarantellas
  Prince Ribbit (Lair:1)
  20 blink frogs
  6 glass eyes
  10 hornets
  69 slime creatures
  25 jumping spiders
  A centaur simulacrum (D:14)
  26 culicivoras
  2 air elementals
  4 wyverns
  A dire elephant simulacrum (IceCv)
  13 spriggans
  48 yaks
  2 wraiths
  7 water elementals
  6 golden eyes
  4 fire elementals
  2 wargs (D:15)
  4 basilisks
  2 hogs (Lair:5)
  62 redbacks
  A steam dragon (D:7)
  6 death yak simulacra
  A glowing shapeshifter zombie (Vaults:3)
  3 harpy simulacra (IceCv)
  9 small abominations
  3 vampire mosquitoes (D:12)
  2 chaos spawn (Depths:2)
  16 swamp worms
  4 hydra simulacra
  23 water moccasins
  3 acid dragons
  4 hell hounds (Lair:5)
  2 sky beasts
  9 swamp drakes
  10 orc warriors
  2 ice beasts
  42 ogres
  5 black bears
  15 wolves
  6 boggarts
  20 centaurs
  A lemure (D:7)
  4 kobold brigands
  An earth elemental (Elf:3)
  13 bullfrogs
  2 gnoll sergeants
  A two-headed ogre simulacrum (IceCv)
  4 cane toad simulacra (IceCv)
  4 scorpions
  14 wights
  17 killer bees
  6 elephant simulacra
  3 howler monkeys
  4 electric eels
  4 bombardier beetles
  A lava snake (D:10)
  2 hounds
  14 orc priests
  5 jellies
  21 orc wizards
  A sleepcap (D:5)
  An iguana (D:5)
  6 hell rats
  3 polar bear simulacra (IceCv)
  2 troll simulacra (IceCv)
  7 wolf simulacra (IceCv)
  Robin (D:2)
  11 gnolls
  9 adders
  2 naga simulacra (IceCv)
  15 white imps
  3 hell rat simulacra (Lair:5)
  5 dart slugs
  3 ribbon worms
  74 orcs
  4 bats
  12 endoplasms
  A giant cockroach (D:1)
  11 goblins
  8 hobgoblins
  3 jackals (D:3)
  21 kobolds
  2 quokkas
  3 ball pythons
  3 frilled lizards
  3 rats
2170 creatures vanquished.

Vanquished Creatures (collateral kills)
  An Orb Guardian (Zot:5)
  2 two-headed ogres
  A hog (Lair:5)
  3 yaks
  A basilisk (Lair:5)
  A steam dragon (D:7)
  Grum (D:7)
  A scorpion (D:7)
  4 wights (D:7)
  A killer bee (D:8)
  An orc priest (D:4)
  An orc wizard (D:4)
  4 orcs
  5 kobolds
27 creatures vanquished.

Vanquished Creatures (others)
  A deep elf zephyrmancer (Elf:1)
  2 swamp drakes (Swamp:4)
  A lava snake (D:10)
  A white imp (IceCv)
  17 blazeheart cores
  14 foxfires
  A spectral weapon (Swamp:4)
37 creatures vanquished.

Grand Total: 2234 creatures vanquished

Notes
Turn   | Place    | Note
-------+----------+-------------------------------------------
     0 | D:1      | PaperRat the Draconian Warper began the quest for the Orb.
     0 | D:1      | Reached XP level 1. HP: 17/17 MP: 3/3
   247 | D:1      | Reached skill level 1 in Stealth
   457 | D:1      | Reached XP level 2. HP: 24/24 MP: 5/5
   460 | D:1      | Learned a level 2 spell: Blink
   839 | D:2      | Found a faded altar of an unknown god.
   856 | D:2      | You fall into a shaft and drop 1 floor!
  1265 | D:2      | Reached skill level 1 in Shapeshifting
  1265 | D:2      | Reached XP level 3. HP: 30/30 MP: 3/6
  1598 | D:2      | Found a broken altar of Ashenzari.
  1632 | D:2      | Became a worshipper of Ashenzari the Shackled
  1675 | D:2      | Learned a level 3 spell: Teleport Other
  1922 | D:3      | Reached XP level 4. HP: 38/38 MP: 7/7
  2029 | D:3      | Noticed Robin
  2092 | D:2      | Killed Robin
  2613 | D:4      | Reached skill level 1 in Throwing
  2674 | D:4      | Reached XP level 5. HP: 46/46 MP: 8/8
  3637 | D:4      | Learned a level 2 spell: Call Imp
  3655 | D:4      | Found a large runed translucent door.
  3662 | D:4      | Found a large runed translucent door.
  3663 | D:4      | Found a shimmering altar of Xom.
  3692 | D:4      | Reached skill level 1 in Summonings
  3692 | D:4      | Reached XP level 6. HP: 53/53 MP: 9/9
  4433 | D:5      | Entered Level 5 of the Dungeon
  4444 | D:4      | Reached * piety under Ashenzari
  4444 | D:4      | Identified a scroll of acquirement
  4469 | D:4      | Reached skill level 5 in Fighting
  4492 | D:4      | Acquired a +5 ring of evasion
  4628 | D:5      | Found a hazy altar of Hepliaklqana.
  5022 | D:5      | Your scales start taking on a lurid green colour.
  5022 | D:5      | Reached XP level 7. HP: 61/61 MP: 10/10
  5022 | D:5      | Gained mutation: Your system is resistant to poisons.
                  | (rPois) [Green Draconian growth]
  5145 | D:5      | Reached ** piety under Ashenzari
  5906 | D:6      | Reached *** piety under Ashenzari
  6059 | D:6      | Reached XP level 8. HP: 71/71 MP: 9/11
  6201 | D:6      | Found a staircase to the Ecumenical Temple.
  6225 | Temple   | Entered the Ecumenical Temple
  7266 | D:7      | Found a hide-covered altar of Uskayaw.
  7514 | D:7      | Reached skill level 5 in Throwing
  7576 | D:7      | Reached XP level 9. HP: 81/81 MP: 11/13
  8491 | D:7      | Noticed Joseph
  8505 | D:7      | Killed Joseph
  8957 | D:8      | Noticed Grum
  8969 | D:7      | Killed Grum
  9042 | D:8      | Noticed Pikel
  9102 | D:7      | Reached skill level 5 in Polearms
  9247 | D:8      | Learned a level 4 spell: Ignite Poison
  9373 | D:8      | Killed Pikel
  9374 | D:8      | Reached skill level 1 in Fire Magic
  9374 | D:8      | Reached skill level 1 in Alchemy
  9374 | D:8      | Reached XP level 10. HP: 88/88 MP: 12/14
  9523 | D:8      | Found a blossoming altar of Fedhas.
 10337 | D:9      | Noticed Gastronok
 10536 | D:9      | Found a burning altar of Makhleb.
 10657 | D:9      | Reached skill level 1 in Evocations
 10732 | D:9      | Learned a level 2 spell: Mercury Vapours
 10765 | D:9      | Found a staircase to the Lair.
 11073 | D:9      | Killed Gastronok
 11227 | D:10     | Entered Level 10 of the Dungeon
 11252 | D:10     | Reached XP level 11. HP: 94/94 MP: 13/15
 11259 | D:10     | Noticed a two-headed ogre
 11265 | D:10     | Killed a two-headed ogre
 11266 | D:10     | Reached skill level 5 in Alchemy
 11813 | D:10     | Reached **** piety under Ashenzari
 11959 | D:10     | Reached skill level 5 in Fire Magic
 12219 | D:10     | Noticed a two-headed ogre
 12259 | D:10     | Killed a two-headed ogre
 12721 | D:10     | Found a sparkling altar of Nemelex Xobeh.
 12721 | D:10     | Found a bloodstained altar of Trog.
 12721 | D:10     | Found a shimmering altar of Xom.
 12804 | D:10     | Found a staircase to the Orcish Mines.
 12993 | Lair:1   | Entered Level 1 of the Lair of Beasts
 13873 | Lair:1   | Noticed Prince Ribbit
 13878 | Lair:1   | Killed Prince Ribbit
 13880 | Lair:1   | Reached XP level 12. HP: 95/103 MP: 13/18
 14196 | Lair:2   | Noticed an eight-headed hydra
 14200 | Lair:2   | Killed an eight-headed hydra
 14278 | Lair:2   | Reached skill level 5 in Evocations
 14405 | Lair:2   | Reached skill level 10 in Polearms
 14435 | Lair:2   | Found a hole to the Spider Nest.
 14628 | Lair:2   | Noticed a four-headed hydra
 14633 | Lair:2   | Killed a four-headed hydra
 14634 | Lair:2   | Reached skill level 10 in Fighting
 14640 | Lair:2   | Learned a level 5 spell: Freezing Cloud
 14764 | Lair:2   | Noticed Sonja
 14771 | Lair:2   | Killed Sonja
 14778 | Lair:2   | Reached skill level 1 in Conjurations
 14778 | Lair:2   | Reached skill level 1 in Ice Magic
 14778 | Lair:2   | Reached skill level 1 in Air Magic
 15254 | Lair:2   | Found a staircase to the Swamp.
 15838 | Lair:3   | Reached XP level 13. HP: 106/114 MP: 15/20
 15916 | Lair:3   | Reached skill level 5 in Spellcasting
 15981 | Lair:3   | Identified the Compilation of Indurated Sidekicks
 16000 | Lair:3   | Learned a level 3 spell: Passwall
 17052 | Lair:4   | Reached skill level 1 in Earth Magic
 17559 | Lair:4   | Reached ***** piety under Ashenzari
 17578 | Lair:4   | Found a viscous altar of Jiyva.
 17579 | Lair:4   | Found a staircase to the Slime Pits.
 17672 | Lair:4   | Reached skill level 5 in Dodging
 18160 | Lair:4   | Learned a level 4 spell: Summon Blazeheart Golem
 18161 | Lair:5   | Entered Level 5 of the Lair of Beasts
 18388 | Lair:5   | Reached skill level 5 in Conjurations
 18388 | Lair:5   | Reached skill level 5 in Air Magic
 18806 | Lair:5   | Gained mutation: Your tail ends in a venomous barb. [Green
                  | Draconian growth]
 18806 | Lair:5   | Reached XP level 14. HP: 129/129 MP: 21/26
 18922 | Lair:5   | Noticed Kirke
 18939 | Lair:5   | Killed Kirke
 19869 | Lair:5   | Found a burning altar of Makhleb.
 20097 | Lair:5   | Found a gateway to Hell.
 20097 | Lair:5   | Found the +10 zealot's sword {holy, Zealotry, *Rage rN+
                  | EV+3}
 20336 | Orc:1    | Entered Level 1 of the Orcish Mines
 20737 | Orc:1    | Noticed Harold
 20871 | Orc:1    | Killed Harold
 20937 | Orc:2    | Entered Level 2 of the Orcish Mines
 21036 | Orc:2    | Found a staircase to the Elven Halls.
 21412 | Orc:2    | Found Duem's Armour Emporium.
 21412 | Orc:2    | Found Lemen's General Store.
 22091 | Orc:2    | Found Fotogof's Antique Weapon Emporium.
 22097 | Orc:2    | Reached XP level 15. HP: 138/138 MP: 18/28
 22141 | Orc:2    | Found Paoss's Armour Shop.
 22154 | Orc:2    | Bought a transparent flail for 195 gold pieces
 22154 | Orc:2    | Identified the +4 flail of Big Damage {spect, Str+3} (You
                  | bought it in a shop on level 2 of the Orcish Mines)
 22157 | Orc:2    | Bought a scroll of fear for 56 gold pieces
 22157 | Orc:2    | Bought 3 stones for 4 gold pieces
 22157 | Orc:2    | Bought 5 stones for 7 gold pieces
 22403 | D:11     | Found a frozen archway.
 22423 | IceCv    | Entered an ice cave
 23336 | IceCv    | Identified the ring of the Crown {Fly rElec rN+ Will- SInv}
 23414 | IceCv    | Found an ancient bone altar of Kikubaaqudgha.
 23998 | D:11     | Noticed Lodul
 24018 | D:11     | Killed Lodul
 24207 | D:11     | Noticed Snorg
 24215 | D:11     | Killed Snorg
 24290 | D:11     | Noticed Psyche
 24295 | D:11     | Killed Psyche
 24832 | D:11     | Noticed Amaemon
 24838 | D:11     | Killed Amaemon
 25179 | D:12     | Found Ireixum's Pet Rocks.
 25345 | D:12     | Bought a book of the Earth for 432 gold pieces
 25351 | D:12     | Learned a level 5 spell: Lee's Rapid Deconstruction
 25700 | D:12     | Learned a level 6 spell: Plasma Beam
 25886 | D:12     | Reached skill level 1 in Shields
 26709 | D:13     | Reached skill level 10 in Throwing
 27008 | D:13     | Found an ornate altar of the Wu Jian Council.
 28034 | D:14     | Identified the blade talisman "Yczaq" {Fly rPois Str+6
                  | Int-2}
 28280 | D:14     | Found a gate to the Vaults.
 28297 | D:14     | Reached skill level 10 in Air Magic
 28527 | D:14     | Learned a level 4 spell: Olgreb's Toxic Radiance
 28528 | D:15     | Entered Level 15 of the Dungeon
 28828 | D:15     | Reached XP level 16. HP: 152/152 MP: 24/32
 28927 | D:15     | Identified the +8 glaive "Opruamug" {drain, rElec rCorr}
 29438 | D:15     | Found a staircase to the Depths.
 29655 | D:15     | Found a transporter.
 29666 | D:15     | Found a transporter.
 29763 | D:15     | Identified the Dissertation on Nocuous Necromantic Rites
 30245 | D:15     | Noticed Qoixtez's ghost (adept OpSh)
 30770 | Spider:1 | Entered Level 1 of the Spider Nest
 31536 | Spider:1 | Reached skill level 5 in Earth Magic
 31720 | Spider:1 | Noticed Agnes
 31735 | Spider:1 | Killed Agnes
 32298 | Spider:1 | Acquired the +1 buckler of the Baker {Will+ Regen+ Dex-4}
 32361 | Spider:1 | Identified the amulet of Beogh's Displeasure {Regen+ Str+5
                  | Dex-2}
 32460 | Spider:1 | Noticed Frances
 32468 | Spider:1 | Killed Frances
 32469 | Spider:1 | Reached skill level 10 in Dodging
 33287 | Spider:2 | Found a runed translucent gate.
 33293 | Spider:2 | Found a runed translucent gate.
 33299 | Spider:2 | Found a runed translucent gate.
 33300 | Spider:2 | Noticed Vidaw's ghost (journeyman DsSh)
 33300 | Spider:2 | Noticed Isoiwki's ghost (adept GrEE)
 33303 | Spider:2 | Identified the ring of Kel Jopn {Fly rN+ EV+5 Dex+3}
 34239 | Spider:3 | Noticed Bai Suzhen
 34323 | Spider:3 | Noticed Roxanne
 34381 | Spider:3 | Killed Bai Suzhen
 34740 | Spider:3 | Reached XP level 17. HP: 146/158 MP: 6/31
 35293 | Spider:3 | Killed Roxanne
 35411 | Spider:4 | Entered Level 4 of the Spider Nest
 36807 | Spider:4 | Noticed Arachne
 37528 | Spider:4 | Killed Arachne
 38212 | Spider:4 | Got a gossamer rune of Zot
 38292 | Spider:4 | Learned a level 8 spell: Maxwell's Capacitive Coupling
 38395 | Spider:2 | Killed Isoiwki's ghost
 38400 | Spider:2 | Killed Vidaw's ghost
 38527 | Swamp:1  | Entered Level 1 of the Swamp
 39388 | Swamp:1  | Identified the +11 trident of the End {spect, rPois Will+}
 39822 | Swamp:2  | Reached skill level 5 in Ice Magic
 40119 | Swamp:2  | Reached XP level 18. HP: 160/171 MP: 10/35
 42022 | Swamp:3  | Noticed a tentacled monstrosity
 42029 | Swamp:3  | Killed a tentacled monstrosity
 42285 | Swamp:4  | Entered Level 4 of the Swamp
 43422 | Swamp:4  | Got a decaying rune of Zot
 43992 | D:15     | Killed Qoixtez's ghost
 44045 | D:15     | Found a one-way gate to the infinite horrors of the Abyss.
 44319 | Elf:1    | Entered Level 1 of the Elven Halls
 44325 | Elf:1    | Reached skill level 15 in Air Magic
 45324 | Elf:1    | Identified Sif Muna's Folio of Battle Magic
 45366 | Elf:1    | Identified the Omnibus of Assaults and the Hornet
 46011 | Elf:2    | Reached XP level 19. HP: 175/179 MP: 20/37
 46041 | Elf:2    | Found a magical portal.
 46073 | WizLab   | Entered The Hall of the Hellbinder
 46357 | WizLab   | Noticed a hellephant
 46364 | WizLab   | Killed a hellephant
 46502 | WizLab   | Identified the amulet "Eperua" {Acrobat ^Contam rPois rF++}
 47047 | WizLab   | Noticed Toap
 47056 | WizLab   | Reached skill level 10 in Ice Magic
 47095 | WizLab   | Found a burning altar of Makhleb.
 47096 | WizLab   | Identified the amulet "Yclotti" {Acrobat Rampage +Blink
                  | Dex-5}
 47102 | WizLab   | Killed Toap the Hellbinder
 47132 | WizLab   | Identified the Quarto of Voltaic Angles
 47164 | WizLab   | Identified Rutzuosch's Discursus on Assembling
 47257 | WizLab   | Learned a level 7 spell: Ozocubu's Refrigeration
 47289 | Elf:2    | Identified Sif Muna's Folio of Plaster Cramp
 47429 | Elf:2    | Found a runed translucent gate.
 47430 | Elf:2    | Found a runed translucent gate.
 47430 | Elf:2    | Found a runed translucent gate.
 47800 | Elf:2    | Identified the Grimoire of Axaxaxas mlö
 47802 | Elf:2    | Identified Ts'ui Pên's Cyclopedia of Forking Paths
 47926 | Elf:3    | Entered Level 3 of the Elven Halls
 47980 | Elf:3    | Reached skill level 1 in Invocations
 48489 | Elf:3    | Reached skill level 2 in Invocations
 49256 | Elf:3    | Identified the +4 robe "Rymeos" {Fly rF- Will+}
 49256 | Elf:3    | Identified the orb of Stained Joy {light, rPois Dex+6
                  | Necro}
 49256 | Elf:3    | Identified the ring of the Hero {rF- Str+3 Dex+6 SInv}
 49367 | Elf:3    | Identified the staff "Beetle's Doom" {rPois rN+ Will+
                  | Necro}
 49367 | Elf:3    | Identified the +2 sling of Conscience {heavy, rElec}
 49383 | Elf:3    | Identified the +5 arbalest of Ashenzari's Anger {penet, Fly
                  | Str-3 Int+5 Stlth+}
 49752 | Vaults:1 | Entered Level 1 of the Vaults
 49954 | Vaults:1 | Reached skill level 10 in Spellcasting
 50451 | Vaults:1 | Reached XP level 20. HP: 188/188 MP: 38/38
 50971 | Vaults:1 | Found Irhotif's Distillery.
 50978 | Vaults:1 | Bought a potion of enlightenment for 80 gold pieces
 50978 | Vaults:1 | Bought a potion of resistance for 160 gold pieces
 50978 | Vaults:1 | Bought a potion of heal wounds for 80 gold pieces
 50978 | Vaults:1 | Bought a potion of lignification for 48 gold pieces
 50978 | Vaults:1 | Bought a potion of haste for 160 gold pieces
 51455 | Vaults:1 | Found a transporter.
 51455 | Vaults:1 | Noticed Kamets Paeg's ghost (master HuCj)
 51486 | Vaults:1 | Found a transporter.
 51685 | Vaults:1 | Noticed Saint Roka
 51693 | Vaults:1 | Killed Saint Roka
 52113 | Vaults:2 | Found a flickering gateway to a bazaar.
 52133 | Bazaar   | Entered a bazaar
 52133 | Bazaar   | Found Gom Ref's Antique Armour Shoppe.
 52157 | Bazaar   | Found Zucat's Assorted Antiques.
 52160 | Bazaar   | Found Viexto Oshie's Jewellery Boutique.
 52165 | Bazaar   | Found Ronaet's Weapon Boutique.
 52170 | Bazaar   | Bought a ring of resist corrosion for 260 gold pieces
 52176 | Bazaar   | Bought 4 curare-tipped darts for 57 gold pieces
 52179 | Bazaar   | Found Kicrimoj's Antique Weapon Boutique.
 52187 | Bazaar   | Bought a scorched falchion for 184 gold pieces
 52187 | Bazaar   | Identified the +1 falchion of Ladghefeh {holy, rElec Int-4
                  | Dex+7} (You bought it in a shop in a bazaar)
 52204 | Bazaar   | Bought a scroll of blinking for 210 gold pieces
 52204 | Bazaar   | Bought an ebony hand axe for 224 gold pieces
 52204 | Bazaar   | Identified the +10 hand axe of Shrieking Terror {spect,
                  | Dex+5} (You bought it in a shop in a bazaar)
 52204 | Bazaar   | Bought a wand of paralysis (3) for 201 gold pieces
 52281 | Vaults:2 | Identified the +7 hand axe "Goblinbane" {flame, rF++ rCorr
                  | Str+3}
 53246 | Vaults:2 | Noticed Rupert
 53252 | Vaults:2 | Killed Rupert
 53355 | Vaults:2 | Reached skill level 15 in Fighting
 53383 | Vaults:2 | Identified the orb "Lacohoab" {light, Str-4 Dex-3 Hexes
                  | Summ}
 53383 | Vaults:2 | Noticed Frederick
 53384 | Vaults:2 | Noticed Sojobo
 53387 | Vaults:2 | Killed Frederick
 53530 | Vaults:2 | Found Muomusch's Distillery.
 53538 | Vaults:2 | Bought a potion of brilliance for 84 gold pieces
 53538 | Vaults:2 | Bought a potion of haste for 210 gold pieces
 53538 | Vaults:2 | Bought 2 potions of resistance for 420 gold pieces
 53538 | Vaults:2 | Bought a potion of haste for 210 gold pieces
 53538 | Vaults:2 | Bought a potion of brilliance for 84 gold pieces
 53538 | Vaults:2 | Bought a potion of curing for 63 gold pieces
 54038 | Vaults:2 | Found a portal to a secret trove of treasure.
 54096 | Vaults:2 | Killed Sojobo
 55824 | Vaults:3 | Found Kiff's Distillery.
 55834 | Vaults:3 | Reached skill level 10 in Evocations
 55835 | Vaults:3 | Bought a potion of ambrosia for 168 gold pieces
 55835 | Vaults:3 | Bought a potion of enlightenment for 105 gold pieces
 55901 | Vaults:3 | Identified the +12 war axe of a wizard's laboratory {pain,
                  | rPois rF- rN+}
 56145 | Vaults:3 | Paralysed by a formless jellyfish for 1 turns
 56150 | Vaults:3 | Reached XP level 21. HP: 179/200 MP: 28/40
 56858 | Vaults:3 | Found a staircase to the Crypt.
 57317 | Vaults:3 | Reached skill level 5 in Shapeshifting
 58057 | Vaults:4 | Found Inookufo's Book Shop.
 59205 | Vaults:4 | Found Keos's Weapon Emporium.
 59919 | Vaults:4 | Found Azik's Book Shop.
 59981 | Vaults:4 | Learned a level 3 spell: Passwall
 59986 | Vaults:4 | Learned a level 4 spell: Airstrike
 60313 | Slime:1  | Entered Level 1 of the Pits of Slime
 60989 | Slime:3  | Reached skill level 3 in Invocations
 62034 | Slime:4  | Found a viscous altar of Jiyva.
 62290 | Slime:5  | Entered Level 5 of the Pits of Slime
 62296 | Slime:5  | Reached skill level 5 in Shields
 62422 | Slime:5  | Reached XP level 22. HP: 209/209 MP: 2/44
 62438 | Slime:5  | Reached skill level 4 in Invocations
 62995 | Slime:5  | Identified the +6 scale mail of the Beekeeper {rN+ Str+4
                  | Dex-5}
 63060 | Slime:5  | Found a viscous altar of Jiyva.
 63091 | Slime:5  | Noticed the Royal Jelly
 63102 | Slime:5  | Killed the Royal Jelly
 63103 | Slime:5  | Reached skill level 5 in Invocations
 63290 | Slime:5  | Paralysed by a formless jellyfish for 1 turns
 63293 | Slime:5  | Paralysed by a formless jellyfish for 1 turns
 64009 | Slime:5  | Identified the +5 long sword of Cataclysm {heavy, Will+}
 64024 | Slime:5  | Got a slimy rune of Zot
 64198 | Slime:5  | Identified the +4 ring mail "Ydwof" {Fly Str+5}
 64198 | Slime:5  | Identified the staff "Vomotar" {rC+ rN+ Necro Air}
 64803 | Depths:1 | Entered Level 1 of the Depths
 64813 | Depths:1 | Reached skill level 6 in Invocations
 65154 | Depths:1 | Reached skill level 1 in Staves
 65899 | Depths:1 | Found a one-way gateway to a ziggurat.
 66166 | Depths:1 | Found Utucais's Antique Armour Shop.
 66192 | Depths:1 | Found a radiant altar of Vehumet.
 66335 | Depths:2 | Found an opulent altar of Gozag.
 67002 | Depths:2 | Found a one-way gate leading to the halls of Pandemonium.
 67577 | Depths:2 | Reached skill level 5 in Stealth
 67944 | Depths:2 | Reached skill level 7 in Invocations
 68225 | Depths:2 | Noticed a caustic shrike
 68229 | Depths:2 | Killed a caustic shrike
 68459 | Depths:2 | Gained mutation: You are vulnerable to heat. (rF-) [a
                  | shining eye]
 68567 | Depths:2 | Lost mutation: You are vulnerable to heat. (rF-) [potion of
                  | mutation]
 68567 | Depths:2 | Gained mutation: You occasionally lose the ability to drink
                  | potions when taking damage. [potion of mutation]
 68568 | Depths:2 | Lost mutation: You occasionally lose the ability to drink
                  | potions when taking damage. [potion of mutation]
 68568 | Depths:2 | Gained mutation: You have a somewhat thin skeletal
                  | structure. (Dex +2, Stealth+) [potion of mutation]
 68568 | Depths:2 | Gained mutation: You are frail. (-10% HP) [potion of
                  | mutation]
 68569 | Depths:2 | Lost mutation: You are frail. (-10% HP) [potion of
                  | mutation]
 68569 | Depths:2 | Lost mutation: You have a somewhat thin skeletal structure.
                  | (Dex +2, Stealth+) [potion of mutation]
 68569 | Depths:2 | Gained mutation: You occasionally lose the ability to read
                  | scrolls when taking damage. [potion of mutation]
 68569 | Depths:2 | Gained mutation: You are robust. (+10% HP) [potion of
                  | mutation]
 68569 | Depths:2 | Gained mutation: You passively dampen the noise of your
                  | surroundings. [potion of mutation]
 68570 | Depths:2 | Lost mutation: You are robust. (+10% HP) [potion of
                  | mutation]
 68570 | Depths:2 | Lost mutation: You occasionally lose the ability to read
                  | scrolls when taking damage. [potion of mutation]
 68570 | Depths:2 | Lost mutation: You passively dampen the noise of your
                  | surroundings. [potion of mutation]
 68570 | Depths:2 | Gained mutation: You have a beak for a mouth. [potion of
                  | mutation]
 68570 | Depths:2 | Gained mutation: Your mind is acute. (Int +4, Str/Dex -1)
                  | [potion of mutation]
 68863 | Vaults:1 | Bought a potion of mutation for 128 gold pieces
 69490 | Depths:3 | Reached skill level 15 in Dodging
 69498 | Depths:3 | Reached XP level 23. HP: 215/215 MP: 16/45
 71147 | Depths:3 | Noticed a caustic shrike
 71160 | Depths:3 | Killed a caustic shrike
 71249 | Depths:3 | Reached skill level 8 in Invocations
 72131 | Depths:3 | Reached skill level 5 in Staves
 72531 | Depths:3 | Noticed Margery
 72695 | Depths:3 | Killed Margery
 73082 | Depths:1 | Bought the +3 pair of gauntlets of War {Slay+5} for 2327
                  | gold pieces
 73082 | Depths:1 | Found the +3 pair of gauntlets of War {Slay+5}
 73208 | Depths:4 | Entered Level 4 of the Depths
 73902 | Depths:4 | Found a gate to the Realm of Zot.
 74466 | Depths:4 | Noticed a juggernaut
 74470 | Depths:4 | Killed a juggernaut
 74706 | Depths:4 | Reached skill level 9 in Invocations
 75261 | Depths:4 | Found a shimmering blue altar of Sif Muna.
 75403 | Zot:1    | Entered Level 1 of the Realm of Zot
 75636 | Zot:1    | Reached XP level 24. HP: 220/220 MP: 31/45
 75709 | Zot:1    | Noticed an orb of fire
 75723 | Zot:1    | Killed an orb of fire
 76158 | Zot:1    | Reached skill level 15 in Spellcasting
 77099 | Zot:1    | Identified the +6 great sword of Hiumualo {flame, ^Contam
                  | rPois rF- rC++}
 77382 | Zot:1    | Learned a level 4 spell: Summon Lightning Spire
 77384 | Zot:1    | Learned a level 1 spell: Apportation
 77389 | Zot:1    | Learned a level 4 spell: Vhi's Electric Charge
 77400 | Zot:2    | Reached skill level 10 in Invocations
 78208 | Zot:2    | Identified the +0 robe of the Will of the Gods {+Inv rPois
                  | rN++ Will-}
 78209 | Zot:2    | Found the +0 mask of the Dragon {Will+ Slay+3 SInv}
 78217 | Zot:2    | Found a transporter.
 78406 | Zot:2    | Found a transporter.
 78783 | Zot:2    | Reached skill level 11 in Invocations
 78898 | Zot:3    | Noticed an orb of fire
 78903 | Zot:3    | Killed an orb of fire
 79571 | Zot:3    | Noticed Fisukaem's ghost (master HuWn)
 79572 | Zot:3    | Found a runed translucent door.
 79797 | Zot:3    | Killed Fisukaem's ghost
 79879 | Zot:4    | Noticed an orb of fire
 79895 | Zot:4    | Killed an orb of fire
 80184 | Zot:4    | Reached skill level 12 in Invocations
 80184 | Zot:4    | Reached XP level 25. HP: 189/231 MP: 36/47
 80194 | Zot:4    | Reached skill level 15 in Evocations
 80720 | Zot:3    | Identified the cursed scarf "Enigmatic Vexation" {rC+ rF+,
                  | Fort, Elem} (You found it in an ice cave)
 80720 | Zot:3    | Identified the cursed +1 hat "Lashed Awkwardness" {Will+,
                  | Elem, Self} (You took it off Gastronok on level 9 of the
                  | Dungeon)
 80720 | Zot:3    | Identified the cursed +2 pair of boots of the Enlightened
                  | God {Dev, Range} (You found it on level 9 of the Dungeon)
 81460 | Zot:5    | Entered Level 5 of the Realm of Zot
 81655 | Zot:5    | Noticed an orb of fire
 81660 | Zot:5    | Killed an orb of fire
 81737 | Zot:5    | Noticed an orb of fire
 81743 | Zot:5    | Killed an orb of fire
 82082 | Zot:5    | Reached skill level 13 in Invocations
 82266 | Zot:5    | Noticed an orb of fire
 82272 | Zot:5    | Killed an orb of fire
 82287 | Zot:5    | Noticed an orb of fire
 82290 | Zot:5    | Noticed an orb of fire
 82292 | Zot:5    | Killed an orb of fire
 82413 | Zot:5    | Noticed a Killer Klown
 82414 | Zot:5    | Noticed an orb of fire
 82415 | Zot:5    | Gained mutation: You sometimes lose your temper in combat.
                  | [an orb of fire]
 82417 | Zot:5    | Killed an orb of fire
 82418 | Zot:5    | Reached skill level 14 in Invocations
 82422 | Zot:5    | Killed a Killer Klown
 82473 | Zot:5    | Noticed an orb of fire
 82474 | Zot:5    | Gained mutation: You are clumsy. (Dex -2) [an orb of fire]
 82479 | Zot:5    | Killed an orb of fire
 82488 | Zot:5    | Noticed a Killer Klown
 82493 | Zot:5    | Killed a Killer Klown
 82511 | Zot:5    | Noticed an orb of fire
 82515 | Zot:5    | Gained mutation: You have an uncontrollable temper. [an orb
                  | of fire]
 82516 | Zot:5    | Killed an orb of fire
 82525 | Zot:5    | Noticed a Killer Klown
 82534 | Zot:5    | Killed a Killer Klown
 82535 | Zot:5    | Reached skill level 15 in Invocations
 82920 | Zot:5    | Killed an orb of fire
 83210 | Zot:5    | Noticed a dread lich
 83212 | Zot:5    | Killed a dread lich
 83225 | Zot:5    | Reached skill level 16 in Invocations
 83349 | Zot:5    | Noticed a Killer Klown
 83354 | Zot:5    | Killed a Killer Klown
 83421 | Zot:5    | Noticed an orb of fire
 83437 | Zot:5    | Killed an orb of fire
 83438 | Zot:5    | Reached skill level 17 in Invocations
 83600 | Zot:5    | Noticed a dread lich
 83605 | Zot:5    | Killed a dread lich
 83786 | Zot:5    | Noticed a Killer Klown
 83795 | Zot:5    | Killed a Killer Klown
 83825 | Zot:5    | Reached skill level 18 in Invocations
 83892 | Zot:5    | Noticed an orb of fire
 83896 | Zot:5    | Killed an orb of fire
 83906 | Zot:5    | Reached XP level 26. HP: 212/239 MP: 12/47
 83965 | Zot:5    | Noticed a dread lich
 84107 | Zot:5    | Killed a dread lich
 84252 | Zot:5    | Lost mutation: Your mind is acute. (Int +4, Str/Dex -1)
                  | [potion of mutation]
 84252 | Zot:5    | Lost mutation: You have an uncontrollable temper. [potion
                  | of mutation]
 84252 | Zot:5    | Gained mutation: Your body sometimes deteriorates upon
                  | taking damage. [potion of mutation]
 84252 | Zot:5    | Gained mutation: You occasionally shout uncontrollably at
                  | your foes. [potion of mutation]
 84252 | Zot:5    | Lost mutation: You are clumsy. (Dex -2) [potion of
                  | mutation]
 84253 | Zot:5    | Lost mutation: You occasionally shout uncontrollably at
                  | your foes. [potion of mutation]
 84253 | Zot:5    | Lost mutation: You sometimes lose your temper in combat.
                  | [potion of mutation]
 84253 | Zot:5    | Gained mutation: Your spells are a little easier to cast,
                  | but a little less powerful. [potion of mutation]
 84253 | Zot:5    | Gained mutation: You expend magic power (3 MP) to
                  | strengthen your wands. [potion of mutation]
 84254 | Zot:5    | Lost mutation: Your body sometimes deteriorates upon taking
                  | damage. [potion of mutation]
 84254 | Zot:5    | Lost mutation: You have a beak for a mouth. [potion of
                  | mutation]
 84254 | Zot:5    | Gained mutation: You have sharp toenails. [potion of
                  | mutation]
 84255 | Zot:5    | Lost mutation: You have sharp toenails. [potion of
                  | mutation]
 84255 | Zot:5    | Lost mutation: Your spells are a little easier to cast, but
                  | a little less powerful. [potion of mutation]
 84255 | Zot:5    | Lost mutation: You expend magic power (3 MP) to strengthen
                  | your wands. [potion of mutation]
 84255 | Zot:5    | Gained mutation: You have a pair of small antennae on your
                  | head. [potion of mutation]
 84255 | Zot:5    | Gained mutation: You expend magic power (3 MP) to
                  | strengthen your wands. [potion of mutation]
 84255 | Zot:5    | Gained mutation: Your mind is acute. (Int +4, Str/Dex -1)
                  | [potion of mutation]
 84263 | Zot:5    | Got the Orb of Zot
 84361 | Zot:3    | Reached skill level 10 in Stealth
 84627 | D:9      | Noticed Zimasaos the pandemonium lord
 84787 | D:$      | Escaped with the Orb!

Illustrated notes

Levels and vault maps discovered:
D:1:      lightli_arrival_lavapool, layout_loops_cross,
          nicolae_concentric_dashed_squares_mild
D:2:      layout_rooms, basic_altar, ebering_ecumenical_altar_sacrificial,
          minmay_pentomino_z2
D:3:      layout_basic, kennysheep_flooded_box, uniq_robin
D:4:      due_chaos_kobolds, layout_loops_cross, dk_noncrumbling_4
D:5:      layout_gridville, amcnicky_altar_gilded,
          hangedman_abyss_or_decor_passed
D:6:      layout_loops_ring, minmay_temple_entry_drinking_statues
D:7:      layout_basic, eat_drink_and_be_merry_uskayaw, serial_glass,
          glass_columns_a, glass_columns_b, minmay_quadrilaterals, uniq_joseph
D:8:      layout_gridville, mainiacjoe_overflow_paths, nrook_mini_vaults,
          uniq_grum, uniq_pikel
D:9:      layout_cave_pools, marbit_many_paths, lair_entry_dummy, uniq_gastronok
D:10:     minmay_goldmine, layout_basic, gammafunk_temple_overflow_forgotten,
          hiddenorc2_lemuel, kennysheep_crisscross, minmay_diced_spiral
D:11:     layout_roguey, portal_ice_cave_entry_imps, amcnicky_mini_pool_small,
          grunt_ministairs_14, grunt_potential, uniq_psyche, uniq_snorg,
          uniq_amaemon, uniq_lodul
D:12:     layout_irregular_city, guppyfry_shop_earth
D:13:     layout_rooms, pdpol_wu_jian_five_deadly_venoms
D:14:     layout_irregular_city, lightli_vaults_fourway_checkpoint,
          kennysheep_donut
D:15:     hangedman_depths_entry_try_elsewhere_first, layout_layer_cave,
          gammafunk_ghost_abyssal_escape
Temple:   bh_familiar_temple
Lair:1:   layout_loops_ring, uniq_prince_ribbit2
Lair:2:   layout_hall_layers, nicolae_swamp_entry_splash_gauntlet,
          hellmonk_spider_entry_not_the_bees, grunt_megastairs_5, uniq_sonja
Lair:3:   beast_lair_carwin_large_1, layout_big_grid, st_stairs_3,
          minmay_lair_oklob_items, minivault_26
Lair:4:   layout_long_grid, nicolae_slime_entry_slimehenge, serial_bayou_shore_a
Lair:5:   evil_forest, layout_misc_corridors, eino_house_with_fridge,
          serial_bayou_shore_b, uniq_kirke
Swamp:1:  layout_basic_swamp, evilmike_swamp_ruin_house_2, swamp_pool_1_2,
          nicolae_swamp_spriggan_camp, infiniplex_staircase_pool_2
Swamp:2:  layout_falls_marsh, serial_swamp_ruin, evilmike_swamp_ruin_rubble_1,
          evilmike_swamp_ruin_rubble_2, swamp_pool_1_2, hangedman_swamp_grove
Swamp:3:  layout_basic_swamp, nicolae_swamp_feature_on_the_river_bank,
          st_swamp_ruins_2
Swamp:4:  swamp_fiery, layout_basic_swamp, swamp_pool_1_2
Spider:1: layout_spider_delve, uniq_agnes, uniq_frances
Spider:2: layout_cave_pods, gammafunk_ghost_cemetery
Spider:3: layout_spider_delve, uniq_bai_suzhen, uniq_roxanne
Spider:4: hellmonk_spider_rune_bug_friends, uniq_arachne
Slime:1:  layout_caves
Slime:2:  layout_caves, uniq_dissolution
Slime:3:  layout_caves
Slime:4:  layout_caves, basic_altar
Slime:5:  slime_pit_nicolae_inversion
Orc:1:    layout_caves, uniq_harold
Orc:2:    st_orc_ogre_mass, layout_caves
Elf:1:    nicolae_elf_arrival_fired_up, layout_loops_corners,
          minmay_elf_annihilation
Elf:2:    nicolae_elf_blades_crystal_corner, layout_geoelf_octagon,
          mu_enter_wizlab_4, serial_library_hellmonk_secret_room, drop_trap,
          bh_hangedman_babel_library
Elf:3:    minmay_elf_hall_quartered_circle, layout_geoelf_octagon,
          patterned_corridor
Vaults:1: gammafunk_ghost_mausoleum, nicolae_vaults_windows_and_doors_thing,
          vaults_dpeg_doors, nicolae_vaults_double_plus_2,
          nicolae_vaults_little_squares_4, nicolae_vaults_trapezoid_layered,
          hangedman_vaults_nails, ontoclasm_vaults_idyll, hangedman_vaults_trim,
          nicolae_vaults_mitosis, nicolae_vaults_stepped_doors,
          nicolae_vaults_ellipses_ellipsis, nicolae_vaults_tetromino_T_2,
          layout_vaults_big_cross, serial_shops, nicolae_shop_tiny_glass,
          uniq_saint_roka
Vaults:2: sword_in_stone, ontoclasm_vaults_loading_screen,
          nicolae_vaults_network_square, nicolae_vaults_tangram_1, v_pattern_5,
          v_misc_23, nicolae_vaults_ring_of_whatevers,
          nicolae_vaults_yaktaur_gun_rack, layout_vaults_chaotic_city,
          enter_trove_5, serial_shops, bzr_entry_dummy, shop, uniq_frederick
Vaults:3: v_misc_13, v_pattern_1, nicolae_vaults_arrows,
          nicolae_vaults_little_ls, regret_index_early_branch_jog, v_misc_15,
          grunt_vaults_hallway_short, layout_vaults_omnibox,
          minmay_crypt_entry_simple_statues
Vaults:4: vaults_mumra_hex, vaults_room_pools, nicolae_vaults_trapezoid_2,
          hangedman_vaults_snaps, nicolae_vaults_border_crossing, v_misc_15,
          nicolae_vaults_offset_grid_hallway_4,
          nicolae_vaults_trapezoid_lopsided_3, dpeg_vaults_hating_casters,
          nicolae_vaults_what_the_h, vaults_room_mumra_shop_pool,
          nicolae_vaults_taking_the_gang_shopping, vaults_dpeg_cross,
          nicolae_vaults_tetromino_Z_1, nicolae_vaults_house_2,
          layout_vaults_ring, serial_shops, nicolae_shop_tiny_statue_garden
Depths:1: layout_basic, enter_ziggurat_c, serial_shops, nicolae_shop_crystal,
          hell_entry, chequers_serial_rivers_small_b, minmay_misc_feat_encased,
          st_stairs_5, dk_noncrumbling_3, grunt_ministairs_5,
          nicolae_vehumet_altar_sigil
Depths:2: cell_vault, layout_basic, pan_entry, nicolae_gozag_seed_capital,
          hell_entry, minmay_room_of_horrors, kennysheep_random_hallway
Depths:3: nooodl_heptagram, layout_gridlike, abyss_entry_glasseish,
          grunt_metal_band, rand_demon_pan_entry_8
Depths:4: grunt_crosshair, layout_honeycomb, led_sif_pool,
          pf_dread_powers_of_hell
Zot:1:    layout_concentric_octagons
Zot:2:    layout_onion_interference, chequers_guarded_unrand_mask_of_the_dragon
Zot:3:    layout_gridlike, gammafunk_ghost_grave
Zot:4:    kennysheep_oblong_rooms, layout_gridlike,
          regret_index_zotdec_onion_hex, hangedman_zot_diagonal_lockstep
Zot:5:    layout_concentric_octagons

Skill      XL: |  1  2  3  4  5  6  7  8  9 10 11 12 13 14 15 16 17 18 19 20 21 22 23 24 25 26 |
---------------+-------------------------------------------------------------------------------+-----
Stealth        | 1 2 3 4 5 7 8 10 | 10.2
Shapeshifting  | 1 3 6 7 |  7.7
Fighting       | 3 4 5 6 8 10 11 12 13 14 15 | 15.9
Throwing       | 1 2 5 7 8 9 10 11 12 13 | 13.9
Summonings     | 1 3 |  3.4
Translocations | 4 |  4.3
Spellcasting   | 3 4 5 7 8 9 10 11 13 14 15 | 15.9
Polearms       | 6 8 9 10 11 12 14 | 14.0
Fire Magic     | 1 3 6 |  6.1
Alchemy        | 1 4 7 8 |  8.0
Evocations     | 2 4 5 6 7 10 11 12 13 14 15 | 15.9
Dodging        | 4 6 8 9 10 12 13 14 15 | 15.9
Conjurations   | 2 5 6 |  6.0
Ice Magic      | 2 4 5 8 12 13 14 | 14.1
Air Magic      | 2 5 8 10 11 14 15 | 15.0
Earth Magic    | 2 3 6 |  6.4
Shields        | 3 4 5 6 |  6.7
Invocations    | 2 3 7 9 12 18 | 18.0
Staves         | 3 5 |  5.8

Action                     |  1- 3 |  4- 6 |  7- 9 | 10-12 | 13-15 | 16-18 | 19-21 | 22-24 | 25-27 || total
---------------------------+-------+-------+-------+-------+-------+-------+-------+-------+-------++-------
  Melee: Spear             |    83 |   222 |   222 |       |       |       |       |       |       ||   527
         Tailslap          |    10 |    14 |    41 |    62 |    95 |    86 |   118 |   110 |    20 ||   556
         Punch             |     3 |     1 |     4 |       |       |       |       |       |       ||     8
         Halberd           |       |       |    49 |   490 |   547 |       |       |       |       ||  1086
         Demon trident     |       |       |       |       |    75 |   437 |       |       |       ||   512
         Trident           |       |       |       |       |       |   161 |   152 |     2 |       ||   315
         Staff             |       |       |       |       |       |       |   432 |   435 |    61 ||   928
         Maw               |       |       |       |       |       |       |    12 |   144 |    19 ||   175
         Peck              |       |       |       |       |       |       |       |   120 |    16 ||   136
   Fire: Sling             |    64 |    34 |     6 |       |       |       |       |       |       ||   104
  Throw: Stone             |     3 |     8 |     8 |    56 |   111 |       |       |       |       ||   186
         Javelin           |     4 |     8 |    16 |     9 |    12 |     1 |       |     2 |     1 ||    53
         Dart              |       |    35 |    23 |     4 |    19 |   130 |    26 |    24 |     4 ||   265
         Boomerang         |       |       |    26 |    19 |    73 |    19 |    11 |    34 |       ||   182
   Cast: Blink             |     1 |     2 |     3 |     2 |     4 |       |       |     2 |     3 ||    17
         Call Imp          |       |     6 |    41 |    27 |    10 |       |       |       |       ||    84
         Teleport Other    |       |       |       |     3 |     1 |       |       |       |       ||     4
         Mercury Vapours   |       |       |       |     1 |    12 |     6 |       |       |       ||    19
         Ignite Poison     |       |       |       |    32 |    86 |    84 |    25 |    16 |     1 ||   244
         Passwall          |       |       |       |       |    12 |     1 |       |     2 |     2 ||    17
         Freezing Cloud    |       |       |       |       |    63 |    64 |    35 |    33 |     5 ||   200
         Summon Blazeheart |       |       |       |       |    16 |     9 |     3 |     5 |       ||    33
         Plasma Beam       |       |       |       |       |    31 |   168 |   187 |   158 |    50 ||   594
         Lee's Rapid Decon |       |       |       |       |     2 |    24 |    10 |    11 |       ||    47
         Olgreb's Toxic Ra |       |       |       |       |     1 |    72 |    13 |     9 |       ||    95
         Maxwell's Capacit |       |       |       |       |       |     6 |    17 |    64 |    46 ||   133
         Ozocubu's Refrige |       |       |       |       |       |       |    98 |   180 |    32 ||   310
         Airstrike         |       |       |       |       |       |       |    38 |    25 |       ||    63
         Summon Lightning  |       |       |       |       |       |       |       |     1 |     1 ||     2
         Apportation       |       |       |       |       |       |       |       |       |     1 ||     1
 Invoke: Curse Item        |       |     2 |     3 |     2 |     4 |     3 |     1 |     2 |       ||    17
         Shatter the Chain |       |       |     2 |       |     2 |     3 |       |     2 |     7 ||    16
Ability: Begin Untransform |     1 |       |       |       |       |       |       |       |       ||     1
         Breathe Noxious F |       |       |    21 |    64 |   112 |    72 |    28 |    29 |     1 ||   327
  Evoke: Wand              |       |       |       |     8 |    16 |    24 |     5 |    25 |     5 ||    83
    Use: Scroll            |     4 |     1 |       |     5 |     5 |    10 |     7 |    12 |     9 ||    53
         Potion            |       |     1 |       |     2 |       |     7 |     2 |    15 |    12 ||    39
   Stab: Sleeping          |     1 |     4 |     3 |     4 |     1 |     2 |     6 |     1 |       ||    22
         Distracted        |       |     1 |       |     2 |     2 |     5 |     5 |     1 |       ||    16
         Confused          |       |       |    18 |    24 |    25 |    20 |     5 |     3 |       ||    95
         Petrified         |       |       |       |       |     1 |       |       |       |       ||     1
         Invisible         |       |       |       |       |       |     5 |       |     3 |       ||     8
         Paralysed         |       |       |       |       |       |     6 |       |    12 |     5 ||    23
 Armour: Skin              |    39 |   103 |    92 |   192 |   226 |   289 |   223 |   400 |   134 ||  1698
  Dodge: Dodged            |    37 |   118 |   158 |   318 |   348 |   405 |   360 |   420 |   101 ||  2265
  Block: Other             |       |       |    34 |    92 |    78 |       |       |       |       ||   204
         Reflection        |       |       |       |     1 |    16 |     8 |    44 |     7 |       ||    76
         Buckler           |       |       |       |       |    51 |   232 |   236 |   189 |    29 ||   737
   Form: Beast             |     1 |       |       |       |       |       |       |       |       ||     1
         Maw               |       |       |       |       |       |       |     1 |     2 |       ||     3
                           |       |       |       |       |       |       |       |     2 |       ||     2

Table legend: (Time is in decaauts)
 A = Elapsed time spent in this place.
 B = Non-inter-level travel time spent in this place.
 C = Inter-level travel time spent in this place.
 D = Time resting spent in this place.
 E = Time spent auto-exploring this place.
 F = Levels seen in this place.
 G = Mean time per level.
                   A        B        C        D        E       F      G
               +--------+--------+--------+--------+--------+-----+--------+
         Total |  84184 |  76173 |   8011 |  24893 |  25712 |  55 | 1530.6 |
       Dungeon |  21904 |  18135 |   3769 |   3338 |   4951 |  15 | 1460.3 |
        Temple |      1 |      1 |      0 |      0 |      0 |   1 |    1.0 |
          Lair |   7389 |   6336 |   1053 |   1794 |   1884 |   5 | 1477.8 |
         Swamp |   5151 |   4948 |    203 |   2172 |   1888 |   4 | 1287.8 |
   Spider Nest |   7369 |   6914 |    455 |   2931 |   1902 |   4 | 1842.2 |
    Slime Pits |   4214 |   4051 |    163 |   1993 |   1276 |   5 |  842.8 |
  Orcish Mines |   2009 |   1918 |     91 |    358 |    979 |   2 | 1004.5 |
   Elven Halls |   4086 |   3719 |    367 |   1016 |   1681 |   3 | 1362.0 |
        Vaults |  10318 |   9876 |    442 |   3190 |   4646 |   4 | 2579.5 |
        Depths |  10346 |   9191 |   1155 |   4458 |   2475 |   4 | 2586.5 |
           Zot |   8816 |   8506 |    310 |   2515 |   3852 |   5 | 1763.2 |
        Bazaar |     80 |     80 |      0 |      0 |     41 |   1 |   80.0 |
      Ice Cave |   1338 |   1338 |      0 |    530 |     99 |   1 | 1338.0 |
        Wizlab |   1157 |   1157 |      0 |    595 |     38 |   1 | 1157.0 |
               +--------+--------+--------+--------+--------+-----+--------+

Top non-repeatable levels by time:
Depths:2: 3643 daAuts
Vaults:3: 3527 daAuts
   Zot:5: 2721 daAuts
Depths:3: 2677 daAuts
     D:7: 2628 daAuts
Vaults:1: 2456 daAuts
Vaults:2: 2215 daAuts
    D:15: 2196 daAuts
Depths:4: 2187 daAuts
   Zot:1: 2126 daAuts
Vaults:4: 2119 daAuts
    D:10: 2089 daAuts
  Lair:5: 2030 daAuts
Spider:4: 2019 daAuts
Spider:3: 1918 daAuts
